 Dungeon Crawl Stone Soup version 0.29.1-1-gd02db6906a (webtiles) character file.

Game seed: 5037063495179172062

7016 Metae the Cleaver (level 11, -3/99 HPs)
             Began as a Hill Orc Fighter on Sept 28, 2022.
             Was an Elder of Makhleb.
             Slain by a two-headed ogre
             ... wielding a +0 dire flail
              (14 damage)
             ... on level 9 of the Dungeon.
             The game lasted 00:38:25 (11748 turns).

Metae the Cleaver (Hill Orc Fighter)               Turns: 11748, Time: 00:38:25

Health: -3/99      AC: 17    Str: 24    XL:     11   Next: 8%
Magic:  18/18      EV:  8    Int:  8    God:    Makhleb [****..]
Gold:   162        SH:  5    Dex: 10    Spells: 10/10 levels left

rFire   + . .      SeeInvis .   H - +5 war axe
rCold   . . .      Faith    .   c - +0 buckler
rNeg    . . .      Spirit   .   k - +1 chain mail
rPois   .          Reflect  .   n - +2 hat
rElec   .          Harm     .   G - +0 cloak
rCorr   +          Rampage  .   (no gloves)
Will    ++...                   N - +0 pair of boots
Stlth   ..........              R - amulet of regeneration
HPRegen 1.06/turn               q - ring of willpower
MPRegen 0.16/turn               O - ring of Bazus {rF+ Will+ rCorr}

@: no status effects
A: no striking features
a: Renounce Religion, Minor Destruction, Lesser Servant of Makhleb, Major
Destruction


You were on level 9 of the Dungeon.
You worshipped Makhleb.
Makhleb was greatly pleased with you.
You visited 1 branch of the dungeon, and saw 9 of its levels.

You collected 646 gold pieces.
You spent 484 gold pieces at shops.

Inventory:

Hand Weapons
 f - a +0 sling
 E - a +1 trident of venom
 F - a +1 whip of electrocution
 H - a +5 war axe (weapon)
 J - the +9 spear "Sopnocun" {venom, rF++ rN+}
   (You found it on level 6 of the Dungeon)

   It poisons the flesh of those it strikes.
   rF:        It greatly protects you from fire.
   rN:        It protects you from negative energy.
Missiles
 e - 93 stones
 D - 5 throwing nets
Armour
 c - a +0 buckler (worn)
 k - a +1 chain mail (worn)
 n - a +2 hat (worn)
 o - a +0 plate armour
 G - a +0 cloak (worn)
 N - a +0 pair of boots (worn)
Jewellery
 j - an amulet of guardian spirit
 q - a ring of willpower (left hand)
 t - a ring of protection from cold
 w - a ring of magical power
 O - the ring of Bazus (right hand) {rF+ Will+ rCorr}
   (You bought it in a shop on level 8 of the Dungeon)

   [ring of resist corrosion]

   rF:        It protects you from fire.
   rCorr:     It protects you from acid and corrosion.
   Will:      It increases your willpower.
 R - an amulet of regeneration (around neck)
Wands
 a - a wand of paralysis (3)
 i - a wand of polymorph (11)
 B - a wand of digging (6)
Scrolls
 b - 4 scrolls of fear
 h - 10 scrolls of teleportation
 l - a scroll of vulnerability
 m - 2 scrolls of brand weapon
 r - 5 scrolls of noise
 s - 2 scrolls of silence
 x - 4 scrolls of enchant armour
 y - 3 scrolls of poison
 K - a scroll of magic mapping {unknown}
 L - 3 scrolls of identify
 Q - a scroll of enchant weapon
Potions
 d - 3 potions of might
 g - a potion of degeneration {unknown}
 p - 2 potions of cancellation
 u - a potion of attraction
 v - a potion of berserk rage {unknown}
 z - a potion of magic {unknown}
 A - 5 potions of curing
 C - a potion of experience {unknown}
 I - 3 potions of mutation {unknown}
 M - a potion of flight {unknown}
 P - a potion of heal wounds
 S - a potion of haste {unknown}


   Skills:
 + Level 9.7 Fighting
 + Level 10.2 Axes
 + Level 8.9 Armour
 - Level 6.9 Shields
 + Level 9.5 Invocations
 + Level 4.9 Evocations


You had 10 spell levels left.
You didn't know any spells.
Your spell library contained the following spells:

 Spells                   Type           Power      Damage    Failure   Level
 Apportation              Tloc           0%         N/A       97%         1
 Ensorcelled Hibernation  Hex/Ice        0%         N/A       99%         2
 Passwall                 Tmut/Erth      0%         N/A       99%         2
 Static Discharge         Conj/Air       0%         3-3/arc   99%         2
 Dazzling Flash           Conj/Hex       0%         N/A       100%        3
 Ozocubu's Armour         Ice            0%         N/A       100%        3
 Swiftness                Air            0%         N/A       100%        3
 Animate Dead             Necr           0%         N/A       100%        4
 Dispel Undead            Necr           0%         3d6       100%        4
 Iskenderun's Mystic Bla  Conj/Tloc      0%         2d3       100%        4
 Sticky Flame             Conj/Fire      0%         2d3       100%        4
 Alistair's Intoxication  Tmut/Pois      0%         N/A       100%        5
 Metabolic Englaciation   Hex/Ice        0%         N/A       100%        5
 Simulacrum               Ice/Necr       0%         N/A       100%        6
 Starburst                Conj/Fire      0%         6d3       100%        6
 Haunt                    Necr/Summ      0%         N/A       100%        7
 Infestation              Necr           0%         N/A       100%        8


Dungeon Overview and Level Annotations

Branches:
Dungeon (9/15)             Temple (0/1) D:7
   Lair: D:8-11         Orc: D:9-12

Altars:
Elyvilon
Makhleb
Nemelex Xobeh
Uskayaw
Vehumet
Wu Jian
Zin

Shops:
D:4 !   D:5 (   D:6 ([[:   D:8 =*[?=


Message History

a +1 short sword of freezing; a +0 leather armour
Things that are here:
+0 steam dragon scales; a steam dragon corpse
Things that are here:
a +0 dagger; a +0 robe; an orc corpse You start resting.
HP restored.
S - a clear potion You pick up a book of Winter and begin reading...
You add the spells Ozocubu's Armour, Metabolic Englaciation and Simulacrum to your library.
Found 9 gold pieces.
You now have 162 gold pieces (gained 9).
You open the door.
A two-headed ogre comes into view.
It is wielding a +0 dire flail and a +0 giant spiked club.
The two-headed ogre shouts in stereo!
There is an open door here.
You block the two-headed ogre's attack. The two-headed ogre barely misses you.
You hit the two-headed ogre.
The two-headed ogre is lightly wounded.
You hit the two-headed ogre.
The two-headed ogre is moderately wounded.
The two-headed ogre hits you with a +0 dire flail.
The two-headed ogre hits you with a +0 giant spiked club!!
You slice the two-headed ogre!!
The two-headed ogre is heavily wounded.
The two-headed ogre hits you but does no damage.
The two-headed ogre hits you with a +0 giant spiked club!
You barely miss the two-headed ogre.
The two-headed ogre is heavily wounded.
You slash the two-headed ogre!
The two-headed ogre is severely wounded.
The two-headed ogre hits you with a +0 dire flail!!
The two-headed ogre hits you with a +0 giant spiked club!
* * * LOW HITPOINT WARNING * * *
You hit the two-headed ogre but do no damage.
The two-headed ogre is severely wounded.
The two-headed ogre hits you with a +0 dire flail!
* * * LOW HITPOINT WARNING * * *
The two-headed ogre hits you with a +0 giant spiked club!
You die...

...# ........# #....# ...#
............# #.#### ...#
............# #.#
...#+##+#..... ......# .#
............. .....#####.#
...........#######.........#
...).......#.....#.........#
...[.......#.....#.........##
##.))......#...O@'...........
.#.........#######...........
.#...........................
.#................####.......
.#...######.......# .......
.#...# #...##### .......
.#...# +...# ....... .#...#
#...# #...... .'...######...#
......


You could see a two-headed ogre.

Vanquished Creatures
  Maggie (D:7)
  4 wyverns
  8 yaks
  Grum (D:5)
  A steam dragon (D:9)
  A water moccasin (D:7)
  An orc warrior (D:7)
  A black bear (D:5)
  An ice beast (D:5)
  An ogre (D:7)
  4 centaurs
  3 phantoms
  4 kobold brigands
  A bullfrog (D:8)
  4 gnoll sergeants (D:5)
  A necrophage (D:5)
  3 scorpions
  8 wights
  11 killer bees
  3 howler monkeys
  A jelly (D:3)
  4 gnoll boudas
  5 orc priests
  Crazy Yiuf (D:5)
  15 hounds
  Natasha (thrice) (D:3)
  An iguana (D:5)
  6 orc wizards
  33 gnolls
  11 adders
  2 shadow imps
  4 ufetubi
  5 worms
  A dart slug (D:3)
  16 orcs
  5 bats
  6 endoplasms
  3 giant cockroaches
  6 goblins
  11 hobgoblins
  4 jackals (D:5)
  3 quokkas
  3 ball pythons
  4 frilled lizards
  23 kobolds
  A rat (D:3)
239 creatures vanquished.

Vanquished Creatures (collateral kills)
  2 yaks (D:9)
2 creatures vanquished.

Vanquished Creatures (others)
  5 plants
5 creatures vanquished.

Grand Total: 246 creatures vanquished

Notes
Turn   | Place    | Note
-------+----------+-------------------------------------------
     0 | D:1      | Metae the Hill Orc Fighter began the quest for the Orb.
     0 | D:1      | Reached XP level 1. HP: 19/19 MP: 1/1
   142 | D:1      | Reached XP level 2. HP: 25/27 MP: 2/2
   148 | D:1      | Reached skill level 3 in Axes
   961 | D:2      | Found a faded altar of an unknown god.
  1058 | D:2      | Found a hide-covered altar of Uskayaw.
  1062 | D:2      | Reached XP level 3. HP: 26/33 MP: 3/3
  1728 | D:3      | Found a burning altar of Makhleb.
  1767 | D:3      | Became a worshipper of Makhleb the Destroyer
  1813 | D:3      | Noticed Natasha
  1824 | D:3      | Killed Natasha
  1825 | D:3      | Reached XP level 4. HP: 40/40 MP: 4/4
  1860 | D:3      | Reached skill level 1 in Invocations
  1861 | D:3      | Noticed Natasha
  1865 | D:3      | Killed Natasha
  1866 | D:3      | Reached skill level 4 in Axes
  1866 | D:3      | Reached XP level 5. HP: 37/47 MP: 4/6
  2121 | D:3      | Noticed Natasha
  2130 | D:3      | Killed Natasha
  2869 | D:4      | Found a white marble altar of Elyvilon.
  3048 | D:4      | Reached * piety under Makhleb
  3066 | D:4      | Noticed a phantom
  3086 | D:4      | Reached XP level 6. HP: 37/53 MP: 7/7
  3106 | D:4      | Reached skill level 5 in Fighting
  3404 | D:4      | Found Ussoung's Distillery.
  3415 | D:4      | Bought a potion of heal wounds for 55 gold pieces
  3415 | D:4      | Bought a potion of curing for 33 gold pieces
  3535 | D:4      | Reached skill level 5 in Axes
  3535 | D:4      | Reached XP level 7. HP: 56/61 MP: 9/9
  4035 | D:5      | Entered Level 5 of the Dungeon
  4050 | D:5      | Reached skill level 5 in Armour
  4050 | D:5      | Reached skill level 5 in Shields
  4316 | D:5      | Reached ** piety under Makhleb
  4471 | D:5      | Reached XP level 8. HP: 27/70 MP: 11/11
  4525 | D:5      | Reached skill level 6 in Axes
  4761 | D:5      | Found Loh Iczo's Weapon Emporium.
  4963 | D:5      | Reached skill level 5 in Invocations
  4978 | D:5      | Noticed Grum
  4986 | D:5      | Killed Grum
  5351 | D:5      | Found a sparkling altar of Nemelex Xobeh.
  5519 | D:5      | Reached skill level 7 in Axes
  5963 | D:5      | Reached XP level 9. HP: 79/79 MP: 13/13
  6878 | D:5      | Found a runed translucent door.
  6879 | D:5      | Noticed Crazy Yiuf
  6887 | D:5      | Killed Crazy Yiuf
  7000 | D:6      | Found a radiant altar of Vehumet.
  7012 | D:6      | Reached *** piety under Makhleb
  7029 | D:6      | Found Nebrik Qufup's Antique Weapon Shop.
  7371 | D:6      | Found Daihumic's Armour Emporium.
  7384 | D:6      | Found Ighaige's Book Boutique.
  7570 | D:6      | Found Sibruz's Antique Armour Shoppe.
  7691 | D:6      | Found an ornate altar of the Wu Jian Council.
  7878 | D:6      | Identified the +9 spear "Sopnocun" {venom, rF++ rN+}
  8453 | D:7      | Reached skill level 1 in Evocations
  8530 | D:7      | Reached skill level 8 in Axes
  8874 | D:7      | Noticed Maggie
  8890 | D:7      | Killed Maggie
  9026 | D:7      | Found a glowing silver altar of Zin.
  9026 | D:7      | Noticed an angel
  9100 | D:7      | Reached XP level 10. HP: 60/86 MP: 10/15
  9101 | D:7      | Found a staircase to the Ecumenical Temple.
  9670 | D:8      | Reached **** piety under Makhleb
  9682 | D:8      | Reached skill level 9 in Axes
 10323 | D:8      | Found Faifru's Magic Scroll Emporium.
 10323 | D:8      | Found Tueniwes's Assorted Antiques.
 10324 | D:8      | Found Womnoeq's Armour Emporium.
 10340 | D:8      | Found Giguvug's Jewellery Emporium.
 10372 | D:8      | Found Beaj Onki's Jewellery Emporium.
 10392 | D:8      | Bought the ring of Bazus {rF+ Will+ rCorr} for 396 gold
                  | pieces
 11482 | D:9      | Reached skill level 10 in Axes
 11545 | D:9      | Reached XP level 11. HP: 97/97 MP: 16/18
 11740 | D:9      | Noticed a two-headed ogre
 11748 | D:9      | Slain by a two-headed ogre

Illustrated notes

Levels and vault maps discovered:
D:1:      nagdon_arrival_double_spiral, layout_basic
D:2:      layout_loops_ring, nicolae_ecumenical_oubliette, basic_altar
D:3:      layout_loops_ring, mainiacjoe_overflow_alcove_1, uniq_natasha
D:4:      layout_cave_pods, nicolae_elyvilon_peaceful_grove, serial_shops,
          nicolae_stop_n_shop_2
D:5:      layout_cave_pools, mainiacjoe_overflow_boulevard, serial_shops,
          nicolae_shop_hallway_plus, serial_gnoll_camp, gnoll_camp_mini_hut,
          gnoll_camp_mini_hut, gnoll_camp_medium_02, grums_kennel,
          gnoll_camp_huts_basic, gnoll_camp_mini_doghouse,
          uniq_crazy_yiuf_cottage
D:6:      layout_gridville, vehumet_crystals, nzn_wu_jian_contemplation,
          serial_shops, nicolae_shop_advertising_works
          [nicolae_subvault_shop_adworks], nicolae_shop_trees,
          kennysheep_mini_moat, shop, hangedman_decor_diamond_cutter
D:7:      layout_basic, zin_angel, minmay_temple_entry_gardened_gates,
          uniq_maggie
D:8:      layout_basic, serial_shops,
          nicolae_shop_temple_entry_statues_fountains, minmay_misc_feat_tiny,
          minivault_11, minmay_shop_grid_forest, eino_jars
D:9:      layout_irregular_city

Skill      XL: |  1  2  3  4  5  6  7  8  9 10 |
---------------+-------------------------------+-----
Axes           | 3 4 5 7 8 10 | 10.2
Fighting       | 4 5 6 7 8 9 |  9.7
Armour         | 4 5 6 7 8 |  8.9
Shields        | 4 5 6 |  6.9
Invocations    | 1 2 3 4 5 7 9 |  9.5
Evocations     | 2 4 |  4.9

Action                   |  1- 3 |  4- 6 |  7- 9 | 10-12 || total
-------------------------+-------+-------+-------+-------++-------
Melee: War axe           |    85 |   147 |   451 |   172 ||   855
Throw: Stone             |       |       |     4 |       ||     4
Invok: Lesser Servant of |       |       |       |     1 ||     1
  Use: Scroll            |       |     1 |    13 |       ||    14
       Potion            |       |       |     2 |       ||     2
Armor: Scale mail        |    20 |       |       |       ||    20
       Chain mail        |    34 |   107 |   350 |   126 ||   617
Dodge: Dodged            |    36 |    47 |   248 |    96 ||   427
Block: Buckler           |    30 |    34 |   173 |    90 ||   327
